 Dungeon Crawl Stone Soup version 0.22-b1-26-g9dbaab1 (webtiles) character file.

73 troglodite the Skirmisher (level 4, -3/55 HPs)
             Began as a Demonspawn Berserker on Aug 6, 2018.
             Was a Believer of Trog.
             Slain by Grinder (4 damage)
             ... while paralysed by Grinder
             ... on level 3 of the Dungeon.
             The game lasted 00:04:22 (2161 turns).

troglodite the Skirmisher (Demonspawn Berserker)    Turns: 2161, Time: 00:04:23

Health: -3/55      AC:  6    Str: 22    XL:     4   Next: 8%
Magic:  4/4        EV:  2    Int:  8    God:    Trog [**....]
Gold:   80         SH:  0    Dex: 14    Spells: 3/3 levels left

rFire    . . .     SeeInvis .   b - +1 trident (flame)
rCold    . . .     Gourm    .   (no shield)
rNeg     . . .     Faith    .   q - +0 ring mail
rPois    .         Spirit   .   i - +0 helmet
rElec    .         Reflect  .   (no cloak)
rCorr    +         Harm     .   (no gloves)
MR       .....     Rnd*Tele +   (no boots)
Stlth    ..........             (no amulet)
HPRegen  0.18/turn              e - ring of teleportation (curse)
MPRegen  0.09/turn              n - ring of resist corrosion

@: paralysed, berserking, lethally poisoned (-3 -> -11)
A: large bone plates 1, foul stench 1, rot immunity
a: Berserk, Trog's Hand, Renounce Religion


You were on level 3 of the Dungeon.
You worshipped Trog.
Trog was pleased with you.
You were very hungry.

You visited 1 branch of the dungeon, and saw 3 of its levels.

You collected 80 gold pieces.

Inventory:

Hand Weapons
 a - a +0 falchion
 b - a +1 trident of flaming (weapon)
Armour
 i - a +0 helmet (worn)
 q - a +0 ring mail (worn)
Jewellery
 e - a cursed ring of teleportation (left hand)
 n - a ring of resist corrosion (right hand)
Scrolls
 d - 2 scrolls of random uselessness {unknown}
 g - 2 scrolls of immolation {unknown}
 h - a scroll of fog {unknown}
 k - 2 scrolls of identify {unknown}
 l - 2 scrolls of remove curse {unknown}
Potions
 f - a potion of agility {unknown}
 j - a potion of haste {unknown}
 m - a potion of mutation {unknown}
 o - a potion of resistance {unknown}
Comestibles
 c - 9 rations
 p - 11 chunks of flesh


   Skills:
 * Level 3.8 Fighting
 + Level 3.3 Long Blades
 * Level 2.1 Armour
 * Level 2.2 Dodging
 + Level 0.2 Stealth


You had 3 spell levels left.
You didn't know any spells.
Your spell library was empty.

Dungeon Overview and Level Annotations

Branches:
Dungeon (3/15)

Altars:
Makhleb
Nemelex Xobeh
Uskayaw
Yredelemnul

Annotations:
D:3 Grinder


Innate Abilities, Weirdness & Mutations

You are partially covered in large bone plates. (SH +4)
You may emit foul miasma when damaged in melee.
You are immune to rotting.


Message History

You hit Grinder. You burn Grinder.
Grinder is lightly wounded.
You feel sick. Grinder gestures at you. Pain shoots through your body!
You block the scorpion's attack.
A red film seems to cover your vision as you go berserk!
You feel yourself moving faster!
You feel mighty!
You are feeling very hungry.
You feel sick. Grinder hits you!
You writhe in agony.
The scorpion stings you!
* * * LOW HITPOINT WARNING * * *
You closely miss Grinder.
Grinder is lightly wounded.
* * * LOW HITPOINT WARNING * * *
You feel sick. Grinder gestures at you.
You suddenly lose the ability to move!
The scorpion stings you!
* * * LOW HITPOINT WARNING * * *
* * * LOW HITPOINT WARNING * * *
You feel sick. Grinder hits you.
You die...

### ..## ##
...##
..########
....#
#........#
_...#
#........#
....#
#........#
...##
#........#
..##
#..s.....+
###
#####@5.....#
#...........'
#.###.......#
# #.......#
#########


You could see Grinder and a scorpion.

Vanquished Creatures
  Robin (D:3)
  An adder (D:2)
  2 dart slugs
  2 leopard geckos
  6 bats
  3 giant cockroaches
  13 goblins
  7 hobgoblins
  A quokka (D:2)
  3 kobolds
  2 rats (D:1)
  A bush (D:1)
  A plant (D:1)
43 creatures vanquished.

Notes
Turn   | Place    | Note
-------+----------+-------------------------------------------
     0 | D:1      | troglodite the Demonspawn Berserker began the quest for the Orb.
     0 | D:1      | Reached XP level 1. HP: 18/18 MP: 1/1
   176 | D:1      | Gained mutation: You are immune to rotting. [demonic ancestry]
   176 | D:1      | Reached XP level 2. HP: 18/24 MP: 2/2
  1221 | D:2      | Gained mutation: You are partially covered in large bone plates. (SH +4) [demonic ancestry]
  1221 | D:2      | Reached XP level 3. HP: 30/30 MP: 3/3
  1241 | D:2      | Found a hide-covered altar of Uskayaw.
  1465 | D:2      | Found a sparkling altar of Nemelex Xobeh.
  1470 | D:2      | Found a basalt altar of Yredelemnul.
  1981 | D:3      | Found a burning altar of Makhleb.
  1981 | D:3      | Noticed Robin
  1983 | D:3      | Reached ** piety under Trog
  2009 | D:3      | Killed Robin
  2009 | D:3      | Gained mutation: You may emit foul miasma when damaged in melee. [demonic ancestry]
  2009 | D:3      | Reached XP level 4. HP: 21/37 MP: 4/4
  2153 | D:3      | Noticed Grinder
  2160 | D:3      | Paralysed by Grinder for 7 turns
  2160 | D:3      | HP: 2/55 [scorpion (8)]
  2161 | D:3      | Slain by Grinder

Skill      XL: |  1  2 |
---------------+-------+-----
Dodging        | 2 |  2.2
Armour         | 2 |  2.1
Long Blades    | 3 |  3.3
Fighting       | |  3.8
Stealth        | |  0.2

Action                   |  1- 3 |  4- 6 || total
-------------------------+-------+-------++-------
Melee: Falchion          |   254 |       ||   254
       Trident           |       |     5 ||     5
Invok: Berserk           |     2 |     1 ||     3
 Stab: Sleeping          |     1 |       ||     1
  Eat: Chunk             |     5 |     1 ||     6
Armor: Animal skin       |    27 |       ||    27
       Ring mail         |    11 |       ||    11
Dodge: Dodged            |    96 |     1 ||    97
Block: Other             |    11 |     1 ||    12
       Rpst.: Falchion   |    26 |       ||    26
